AoeStats
← FuzzyPeaches

Oasis

508713375Analyzed
2v2 RM · 7d ago on Sep 23, 2026· 36m 23s· 4 players
Game mode
Random Map
Map size
Medium (4 player)
Population
200
Speed
Normal
Resources
Standard
Victory
Conquest
Starting age
Dark Age
Ending age
Imperial Age
RankedLock teamsTeams togetherTeam positionsShared explorationLock speedFull tech treeHidden civsTurbo modeCheats
Victory
Defeat
🇨🇦 Saxons · Canada
1147
+18
🇨🇦 Franks · Canada
963
+20
🇹🇷 Franks · Türkiye
1107
-18
🇦🇷 Magyars · Argentina
1036
-15
FuzzyPeaches
6:51 Loom
9:16 Feudal Age
9:43 Double-Bit Axe
10:37 Man-at-Arms
11:15 Town Watch
16:09 Horse Collar
19:22 Wheelbarrow
20:08 Gold Mining
22:29 Castle Age
21:48 Stone Mining
23:59 Crossbowman
24:31 Fletching
25:07 Bow Saw
27:11 Bodkin Arrow
27:20 Scale Mail Armor
31:30 Chain Mail Armor
31:17 Padded Archer Armor
33:28 Heavy Plow
35:04 Forging
38:46 Imperial Age
36:32 Hand Cart
Dgor
6:31 Loom
9:58 Feudal Age
11:48 Double-Bit Axe
21:19 Castle Age
20:38 Padded Archer Armor
20:31 Fletching
21:33 Gold Mining
23:18 Ordonnance Companies
24:17 Husbandry
25:20 Scale Barding Armor
25:27 Forging
32:04 Padded Archer Armor
34:35 Wheelbarrow
34:37 Bodkin Arrow
36:42 Iron Casting
37:07 Chain Barding Armor
ME_KA-19
3:29 Loom
12:21 Feudal Age
12:52 Double-Bit Axe
13:44 Wheelbarrow
23:02 Castle Age
21:56 Forging
21:52 Scale Barding Armor
22:30 Stone Mining
22:30 Gold Mining
24:46 Gold Shaft Mining
24:23 Bow Saw
25:12 Hand Cart
25:28 Pikeman
35:19 Husbandry
el Tucán
7:56 Loom
10:01 Feudal Age
11:04 Double-Bit Axe
14:49 Scale Barding Armor
15:33 Bloodlines
21:28 Castle Age
20:04 Fletching
20:00 Horse Collar
20:36 Town Watch
21:14 Padded Archer Armor
23:03 Chain Barding Armor
29:46 Gold Mining
31:27 Ballistics
Connection lost

Rejoining the realm…

Still unreachable

The connection could not be restored.

Session expired

The server has moved on; the page needs a fresh start.